cohdb
Replays
Latest Replays
All Replays
Popular Replays
Top Player Replays
Match Explorer
How It Works
Community
CoH3 Stats
Reddit
Sign in to upload your games and track your stats! →
Sign in with Steam
Match 47398892
Unlisted
Match 47398892
Overview
Messages
Build Orders
End
Selects Breakthrough Battlegroup
Construct Infanterie Kompanie
Grenadier Squad
Grenadier Squad
Grenadier Squad
GrW 34 Mortar Team
GrW 34 Mortar Team
Selects 2.5-tonne Cargo Truck
Medical Station
2.5-tonne Cargo Truck
Construct Luftwaffe Kompanie
baaldogg420
Fupped
87390382
Gondaru
Woggle
Omar Kamel Rock
Fox-bana
Kubei
0
0
Comments
sign in to comment!
No comments posted yet!